 Dungeon Crawl Stone Soup version 0.24-a0-230-g536ed4e33c (webtiles) character file.

Game seed: 17377056617957800945

154 Roikka the Grave Robber (level 5, -22/42 HPs)
             Began as a Hill Orc Necromancer on Apr 2, 2019.
             Annihilated by an ogre
             ... wielding a +0 giant club
              (26 damage)
             ... on level 4 of the Dungeon.
             The game lasted 00:10:25 (2654 turns).

Roikka the Grave Robber (Hill Orc Necromancer)      Turns: 2654, Time: 00:10:25

Health: -22/42     AC:  4    Str: 11    XL:     5   Next: 36%
Magic:  7/9        EV: 11    Int: 16    God:
Gold:   171        SH:  0    Dex: 11    Spells: 1/9 levels left

rFire    . . .     SeeInvis .   f - +0 short sword (venom)
rCold    . . .     Gourm    .   (no shield)
rNeg     . . .     Faith    .   d - +0 leather armour
rPois    .         Spirit   .   (no helmet)
rElec    .         Reflect  .   (no cloak)
rCorr    .         Harm     .   (no gloves)
MR       .....                  h - +0 pair of boots
Stlth    +.........             (no amulet)
HPRegen  0.14/turn              (no ring)
MPRegen  0.11/turn              (no ring)

@: lightly drained
A: no striking features
a: no special abilities


You were on level 4 of the Dungeon.
You were hungry.

You visited 1 branch of the dungeon, and saw 4 of its levels.

You collected 171 gold pieces.

Inventory:

Hand Weapons
 f - a +0 short sword of venom (weapon)
Armour
 d - a +0 leather armour (worn)
 h - a +0 pair of boots (worn)
Jewellery
 l - an uncursed amulet of faith {unknown}
Wands
 p - a wand of flame (13)
Scrolls
 b - a scroll of fog
 g - a scroll of identify
 i - a scroll of enchant weapon {unknown}
 j - 2 scrolls of immolation
 m - a scroll of enchant armour {unknown}
Potions
 e - 3 potions of curing
 n - a potion of haste {unknown}
Comestibles
 a - a chunk of flesh
 c - 5 rations


   Skills:
 + Level 2.3(2.2) Fighting
 - Level 1.5(1.4) Dodging
 - Level 1.5(1.4) Stealth
 * Level 2.8(2.7) Spellcasting
 * Level 5.1(4.9) Necromancy


You had one spell level left.
You knew the following spells:

 Your Spells              Type           Power        Failure   Level  Hunger
a - Pain                  Necr           ###.         3%          1    #......
b - Animate Skeleton      Necr           N/A          3%          1    #......
c - Vampiric Draining     Necr           ###.......   10%         3    ###....
d - Regeneration          Chrm/Necr      ##........   28%         3    ###....

Your spell library contained the following spells:

 Spells                   Type           Power        Failure   Level  Hunger
 Animate Dead             Necr           N/A          32%         4    #####..
 Bolt of Magma            Conj/Fire/Erth #.........   100%        5    ######.
 Iskenderun's Battlesphe  Conj/Chrm      #.......     100%        5    ######.
 Venom Bolt               Conj/Pois      #.........   100%        5    ######.
 Iron Shot                Conj/Erth      #.........   100%        6    #######
 Orb of Destruction       Conj           #.........   100%        7    #######
 Spellforged Servitor     Conj/Summ      #.........   100%        7    #######


Dungeon Overview and Level Annotations

Branches:
Dungeon (4/15)
 Temple: D:4-7

Altars:

Shops:
D:4 =

Annotations:
D:3 Sigmund


Message History

The ogre is moderately wounded.
The ogre hits you with a +0 giant club!!
Ouch! That really hurt!
* * * LOW HITPOINT WARNING * * *
Casting: Pain (safe; 3% risk of failure)
Confirm with . or Enter, or press ? or * to list all spells.
Aiming: Pain (safe; 3% risk of failure)
Press: ? - help, Shift-Dir - straight line, f/p - ogre
Aim: an ogre, wielding a +0 giant club (moderately wounded, chance to defeat MR: 78%)
The ogre writhes in agony!
The ogre hits you with a +0 giant club.
* * * LOW HITPOINT WARNING * * *
Your magical contamination has completely faded away.
You hit the ogre.
The ogre is severely wounded.
The ogre misses you.
You hit the ogre.
The ogre is poisoned.
The ogre is severely wounded.
The ogre hits you with a +0 giant club!!
Ouch! That really hurt!
You die...

..##..###..#
#
##..####.###
...........#
###..######.#
.. #.# #.#
#.## #..#
##@# #O# #o#
#r#


lo# ...# .∩.## .... ...#. You could see an ogre, 2 orcs, a leopard gecko and a
quokka.

Vanquished Creatures
  An orc priest (D:3)
  An iguana (D:2)
  3 adders
  An ooze (D:1)
  A worm (D:4)
  A dart slug (D:2)
  2 leopard geckos
  7 orcs
  3 bats
  3 giant cockroaches
  3 goblins (D:1)
  8 hobgoblins
  6 kobolds
  3 frilled lizards
  6 rats
49 creatures vanquished.

Vanquished Creatures (collateral kills)
  An adder (D:3)
  A giant cockroach (D:1)
  A rat (D:3)
3 creatures vanquished.

Grand Total: 52 creatures vanquished

Notes
Turn   | Place    | Note
-------+----------+-------------------------------------------
     0 | D:1      | Roikka the Hill Orc Necromancer began the quest for the
                  | Orb.
     0 | D:1      | Reached XP level 1. HP: 14/14 MP: 3/3
   179 | D:1      | Reached XP level 2. HP: 15/22 MP: 0/4
   350 | D:1      | Learned a level 1 spell: Animate Skeleton
   453 | D:1      | Reached skill level 1 in Fighting
   521 | D:1      | Reached XP level 3. HP: 24/28 MP: 6/6
  1499 | D:3      | Reached XP level 4. HP: 33/35 MP: 4/7
  1504 | D:3      | Learned a level 3 spell: Vampiric Draining
  2049 | D:3      | Learned a level 3 spell: Regeneration
  2077 | D:3      | Noticed Sigmund
  2097 | D:2      | Reached XP level 5. HP: 36/41 MP: 5/9
  2149 | D:2      | Reached skill level 5 in Necromancy
  2635 | D:4      | Found Lodeibuf's Jewellery Shoppe.
  2635 | D:4      | Noticed an ogre
  2654 | D:4      | Annihilated by an ogre

Levels and vault maps discovered:
D:1:      matt_arrival_debris, layout_basic
D:2:      layout_basic
D:3:      layout_rooms, okawaru_trees_1, uniq_grinder, uniq_sigmund
D:4:      layout_rooms, serial_shops, shop, nicolae_shop_stone, shop, shop

Skill      XL: |  1  2  3  4  5 |
---------------+----------------+-----
Fighting       | 1 2 |  2.3
Spellcasting   | 2 |  2.8
Necromancy     | 5 |  5.1
Dodging        | |  1.5
Stealth        | |  1.5

Action                   |  1- 3 |  4- 6 || total
-------------------------+-------+-------++-------
Melee: Short sword       |    34 |    52 ||    86
       Club              |     4 |       ||     4
 Cast: Pain              |    29 |    24 ||    53
       Animate Skeleton  |     6 |     6 ||    12
  Use: Scroll            |     3 |     1 ||     4
 Stab: Sleeping          |     1 |       ||     1
  Eat: Chunk             |     2 |     4 ||     6
Armor: Robe              |     4 |       ||     4
       Ring mail         |     4 |    11 ||    15
       Leather armour    |       |     7 ||     7
Dodge: Dodged            |    22 |    35 ||    57

Table legend:
 A = Non-vault XP
 B = Vault XP
 C = Vault XP percentage of total XP
 D = Non-vault monster count
 E = Vault monster count
 F = Vault count percentage of total count
                 A         B        C        D         E       F
            +---------+---------+-------+---------+---------+-------
      Total |     221 |       0 |   0.0 |      52 |       0 |   0.0
            +---------+---------+-------+---------+---------+-------
        D:1 |      36 |       0 |   0.0 |      18 |       0 |   0.0
        D:2 |      85 |       0 |   0.0 |      15 |       0 |   0.0
        D:3 |      86 |       0 |   0.0 |      15 |       0 |   0.0
        D:4 |      14 |       0 |   0.0 |       4 |       0 |   0.0
            +---------+---------+-------+---------+---------+-------
